 Dungeon Crawl Stone Soup version 0.24-a0-176-gc3651c4 (webtiles) character file.

Game seed: 8589552722508338247

671 Dfrag the Firebug (level 7, 37/46 HPs)
             Began as a Demonspawn Fire Elementalist on Mar 12, 2019.
             Quit the game on level 4 of the Dungeon.
             The game lasted 00:04:41 (2907 turns).

Dfrag the Firebug (Demonspawn Fire Elementalist)    Turns: 2907, Time: 00:04:42

Health: 37/46      AC:  9    Str:  9    XL:     7   Next: 32%
Magic:  4/13       EV: 15    Int: 18    God:
Gold:   160        SH:  0    Dex: 13    Spells: 7/15 levels left

rFire    . . .     SeeInvis .   (no weapon)
rCold    . . .     Gourm    +   (no shield)
rNeg     . . .     Faith    .   a - +0 robe
rPois    .         Spirit   .   (helmet restricted)
rElec    .         Reflect  .   g - +0 cloak (curse)
rCorr    .         Harm     .   o - +0 pair of gloves
MR       .....                  j - +1 pair of boots
Stlth    +++.......             h - amulet of the gourmand
HPRegen  0.15/turn              f - +3 ring of evasion
MPRegen  0.13/turn              (no ring)

@: no status effects
A: antennae 1, icy blue scales 2, demonic guardian 1, nightstalker 1
a: no special abilities


You were on level 4 of the Dungeon.
You were completely stuffed.

You visited 1 branch of the dungeon, and saw 4 of its levels.

You collected 160 gold pieces.

Inventory:

Armour
 a - a +0 robe (worn)
 g - a cursed +0 cloak (worn)
 j - a +1 pair of boots (worn)
 n - a +2 cloak of poison resistance
 o - a +0 pair of gloves (worn)
Jewellery
 f - a +3 ring of evasion (left hand)
 h - an amulet of the gourmand (around neck)
Wands
 w - a wand of flame (20)
Scrolls
 b - 2 scrolls of amnesia {unknown}
 e - a scroll of remove curse {unknown}
 p - a scroll of teleportation {unknown}
 r - 3 scrolls of identify {unknown}
 t - a scroll of immolation {unknown}
 u - a scroll of fog {unknown}
Potions
 d - a potion of curing {unknown}
 i - 2 potions of cancellation {unknown}
 k - a potion of haste {unknown}
 l - a potion of magic {unknown}
 m - a potion of flight {unknown}
 q - a potion of lignification {unknown}
 s - a potion of brilliance {unknown}
Comestibles
 c - 6 rations
 v - 6 chunks of flesh


   Skills:
 - Level 1.7 Dodging
 - Level 1.7 Stealth
 + Level 4.6 Spellcasting
 + Level 4.5 Conjurations
 + Level 5.0 Fire Magic


You had 7 spell levels left.
You knew the following spells:

 Your Spells              Type           Power        Failure   Level  Hunger
a - Flame Tongue          Conj/Fire      ###..        1%          1    None
b - Conjure Flame         Conj/Fire      ###.....     6%          3    ###....
c - Sticky Flame          Conj/Fire      ###.....     19%         4    ####...

Your spell library contained the following spells:

 Spells                   Type           Power        Failure   Level  Hunger
 Throw Flame              Conj/Fire      ###...       3%          2    #......
 Inner Flame              Hex/Fire       ##......     14%         3    ###....
 Fireball                 Conj/Fire      ###.......   47%         5    ######.


Dungeon Overview and Level Annotations

Branches:
Dungeon (4/15)
 Temple: D:4-7

Altars:
Trog
Xom
Yredelemnul


Innate Abilities, Weirdness & Mutations

You have a pair of small antennae on your head.
You are mostly covered in icy blue scales. (AC +3)
A weak demonic guardian rushes to your aid.
You are slightly more attuned to the shadows.


Message History

The flame tongue hits the orc priest!
You kill the orc priest!
Casting: Flame Tongue (safe; 1% risk of failure)
Confirm with . or Enter, or press ? or * to list all spells.
You can't see any susceptible monsters within range! (Use Z to cast anyway.) Unknown command.
Items here: )) [ † a +0 flail; a +0 ring mail; a +0 short sword; an orc corpse You butcher the orc corpse.
v - 6 chunks of flesh (gained 2)
Items here: )) [ ÷ a +0 flail; a +0 ring mail; a +0 short sword; an orc skeleton Are you sure you want to abandon this character and quit the game? (Confirm with "yes".)
Okay, then.
Unknown command.
You now have 160 gold pieces (gained 11).
There is an open door here.
Things that are here:
a +0 mace; an orc corpse Are you sure you want to abandon this character and quit the game? (Confirm with "yes".)

##### .# ###### #.#
.....# ..###. .....##
...... ......# ......
......###########......
..........)....)@......
.....############).....
.....# ...... .....#
...... ###### ......
...... ......


There were no monsters in sight!

Vanquished Creatures
  Grinder (D:2)
  Sigmund (D:4)
  A centaur skeleton (D:4)
  An orc priest (D:4)
  Crazy Yiuf (D:2)
  A worker ant (D:2)
  4 gnolls
  8 adders
  2 oozes
  2 worms
  2 leopard geckos
  4 orcs
  3 bats
  6 giant cockroaches
  15 goblins
  9 hobgoblins
  2 jackals (D:3)
  3 kobolds
  A ball python (D:3)
  5 frilled lizards
  6 rats
78 creatures vanquished.

Notes
Turn   | Place    | Note
-------+----------+-------------------------------------------
     0 | D:1      | Dfrag the Demonspawn Fire Elementalist began the quest for
                  | the Orb.
     0 | D:1      | Reached XP level 1. HP: 13/13 MP: 3/3
   319 | D:1      | Gained mutation: You have a pair of small antennae on your
                  | head. [demonic ancestry]
   319 | D:1      | Reached XP level 2. HP: 19/19 MP: 1/5
   522 | D:1      | Reached skill level 3 in Fire Magic
   866 | D:2      | Gained mutation: You are partially covered in icy blue
                  | scales. (AC +2) [demonic ancestry]
   866 | D:2      | Reached XP level 3. HP: 24/24 MP: 4/6
  1075 | D:2      | Found a basalt altar of Yredelemnul.
  1204 | D:2      | Gained mutation: You are mostly covered in icy blue scales.
                  | (AC +3) [demonic ancestry]
  1204 | D:2      | Reached XP level 4. HP: 30/30 MP: 3/8
  1244 | D:2      | Found a runed translucent door.
  1245 | D:2      | Noticed Crazy Yiuf
  1330 | D:2      | Learned a level 3 spell: Conjure Flame
  1335 | D:2      | Learned a level 4 spell: Sticky Flame
  1339 | D:2      | Killed Crazy Yiuf
  1663 | D:2      | Gained mutation: You are slightly more attuned to the
                  | shadows. [demonic ancestry]
  1663 | D:2      | Reached XP level 5. HP: 18/35 MP: 3/9
  2098 | D:3      | Noticed Grinder
  2210 | D:2      | Killed Grinder
  2210 | D:2      | Reached skill level 4 in Fire Magic
  2210 | D:2      | Reached XP level 6. HP: 14/41 MP: 3/12
  2286 | D:3      | Found a bloodstained altar of Trog.
  2521 | D:3      | Found a shimmering altar of Xom.
  2521 | D:3      | Found a shimmering altar of Xom.
  2525 | D:3      | Found a shimmering altar of Xom.
  2525 | D:3      | Found a shimmering altar of Xom.
  2543 | D:3      | Found a shimmering altar of Xom.
  2566 | D:3      | Found a shimmering altar of Xom.
  2568 | D:3      | Found a shimmering altar of Xom.
  2747 | D:4      | Noticed Sigmund
  2753 | D:4      | Killed Sigmund
  2753 | D:4      | Gained mutation: A weak demonic guardian rushes to your
                  | aid. [demonic ancestry]
  2753 | D:4      | Reached XP level 7. HP: 43/46 MP: 3/13
  2886 | D:4      | Reached skill level 5 in Fire Magic
  2907 | D:4      | Quit the game

Levels and vault maps discovered:
D:1:      minmay_arrival_split_and_join, layout_basic, minmay_misc_feat_tower,
          palyth_stone_intersect
D:2:      layout_rooms, yredelemnul_altar_generic, first_ration,
          chequers_serial_rivers_micro_a, uniq_crazy_yiuf_cottage
D:3:      layout_rooms, lemuel_crystal_altar, nicolae_xom_altar_mimics,
          uniq_grinder
D:4:      layout_basic, grunt_temple_overflow_opulence, uniq_sigmund

Skill      XL: |  1  2  3  4  5  6  7 |
---------------+----------------------+-----
Fire Magic     | 3 4 5 |  5.0
Conjurations   | 2 3 4 |  4.5
Spellcasting   | 3 4 |  4.6
Dodging        | |  1.7
Stealth        | |  1.7

Action                   |  1- 3 |  4- 6 |  7- 9 || total
-------------------------+-------+-------+-------++-------
Melee: Unarmed           |    26 |     6 |    11 ||    43
 Cast: Flame Tongue      |    52 |    93 |    16 ||   161
       Sticky Flame      |       |     3 |       ||     3
  Eat: Chunk             |    10 |     8 |       ||    18
Armor: Robe              |    12 |    22 |     4 ||    38
Dodge: Dodged            |    30 |    77 |    10 ||   117

Table legend:
 A = Non-vault XP
 B = Vault XP
 C = Vault XP percentage of total XP
 D = Non-vault monster count
 E = Vault monster count
 F = Vault count percentage of total count
                 A         B        C        D         E       F
            +---------+---------+-------+---------+---------+-------
      Total |     405 |     554 |  57.8 |      75 |       3 |   3.8
            +---------+---------+-------+---------+---------+-------
        D:1 |      25 |       0 |   0.0 |      14 |       0 |   0.0
        D:2 |     167 |     323 |  65.9 |      29 |       2 |   6.5
        D:3 |      98 |       0 |   0.0 |      23 |       0 |   0.0
        D:4 |     115 |     231 |  66.8 |       9 |       1 |  10.0
            +---------+---------+-------+---------+---------+-------
